MLB
ATLANTA BRAVES @ LOS ANGELES DODGERS
04/04/2099
 
TOP OF THE 1ST
Atlanta Braves batting - Pitching for Los Angeles Dodgers : RHP Sean McNees
Pitching: RHP Sean McNees
Batting: LHB Jordan Montijo 0-0: Called Strike
0-1: Ball
1-1: Ball
2-1: Ball
3-1: Base on Balls
Batting: LHB Wade Ronsonet 0-0: Called Strike
0-1: SINGLE (Flyball, 7, EV 89.4 MPH)
Jordan Montijo to second
Batting: SHB Joe Richardson 0-0: Ball
1-0: Called Strike
1-1: DOUBLE (Line Drive, 9LM, EV 99.4 MPH)
Jordan Montijo scores
Wade Ronsonet to third
Batting: RHB Ramon Carrion 0-0: Ball
1-0: Foul Ball, location: 9LSF
1-1: Ball
2-1: Swinging Strike
2-2: Strikes out swinging
Batting: SHB Carlos Carballo 0-0: Ball
1-0: Called Strike
1-1: Ball
2-1: Ball
3-1: Called Strike
3-2: Strikes out swinging
Batting: LHB Omar Carreon 0-0: Called Strike
0-1: Ball
1-1: Ball
2-1: Foul Ball, location: 23F
2-2: Strikes out looking
Top of the 1st over - 1 run, 2 hits, 0 errors, 2 left on base; Atlanta 1 - Los Angeles 0
BOTTOM OF THE 1ST
Los Angeles Dodgers batting - Pitching for Atlanta Braves : RHP Jorge Villalona
Pitching: RHP Jorge Villalona
Batting: RHB Bryan Uplinger 0-0: Foul Ball, location: 2F
0-1: Called Strike
0-2: Strikes out swinging
Batting: LHB Roy Lazzaro 0-0: Called Strike
0-1: SOLO HOME RUN (Flyball, 9D, EV 93.1 MPH), Distance : 369 ft
Batting: RHB John Spohn 0-0: Called Strike
0-1: Called Strike
0-2: Ball
1-2: Ball
2-2: Foul Ball, location: 9LDF
2-2: Foul Ball, location: 9LMF
2-2: Foul Ball, location: 2F
2-2: Foul Ball, location: 25F
2-2: Ball
3-2: Ground out U3 (Groundball, 34S, EV 88.1 MPH)
Batting: LHB Greg Thompson 0-0: SINGLE (Line Drive, 56D, EV 96.3 MPH)
Batting: RHB Victor Salinas 0-0: Ball
1-0: Foul Ball, location: 2F
1-1: Foul Ball, location: 7LDF
1-2: Foul Ball, location: 9LMF
1-2: Foul Ball, location: 3FF
1-2: Strikes out swinging
Bottom of the 1st over - 1 run, 2 hits, 0 errors, 1 left on base; Atlanta 1 - Los Angeles 1
TOP OF THE 2ND
Atlanta Braves batting - Pitching for Los Angeles Dodgers : RHP Sean McNees
Batting: RHB Luis Saez 0-0: Ball
1-0: Ground out 5-3 (Groundball, 5L, EV 88.1 MPH)
Batting: LHB Mike Hancock 0-0: Called Strike
0-1: Ball
1-1: Ball
2-1: DOUBLE (Line Drive, 7LM, EV 110.6 MPH)
Batting: RHB Tim Reffner 0-0: Ball
1-0: Fly out, F7 (Flyball, 7, EV 90.0 MPH)
Batting: LHB Jordan Montijo 0-0: Ball
1-0: Ball
2-0: Called Strike
2-1: Called Strike
2-2: Ball
3-2: Strikes out looking
Top of the 2nd over - 0 runs, 1 hit, 0 errors, 1 left on base; Atlanta 1 - Los Angeles 1
BOTTOM OF THE 2ND
Los Angeles Dodgers batting - Pitching for Atlanta Braves : RHP Jorge Villalona
Batting: RHB Dan Boyd 0-0: Called Strike
0-1: Ball
1-1: Fly out, F9 (Flyball, 9LS, EV 83.8 MPH)
Batting: RHB Luis Lozada 0-0: Ball
1-0: Called Strike
1-1: Swinging Strike
1-2: Ground out 5-3 (Groundball, 56, EV 78.1 MPH)
Batting: LHB Jamie Wortman 0-0: Called Strike
0-1: Ball
1-1: Swinging Strike
1-2: SINGLE (Line Drive, 9S, EV 93.1 MPH)
Batting: RHB Joe Boyer 0-0: Called Strike
0-1: Called Strike
0-2: Strikes out looking
Bottom of the 2nd over - 0 runs, 1 hit, 0 errors, 1 left on base; Atlanta 1 - Los Angeles 1
TOP OF THE 3RD
Atlanta Braves batting - Pitching for Los Angeles Dodgers : RHP Sean McNees
Batting: LHB Wade Ronsonet 0-0: Called Strike
0-1: Ball
1-1: Foul Ball, location: 2F
1-2: SINGLE (Line Drive, 7S, EV 99.4 MPH)
Batting: SHB Joe Richardson 0-0: Foul Ball, location: 25FF
0-1: Foul Ball, location: 2F
0-2: Strikes out swinging
Batting: RHB Ramon Carrion 0-0: Foul Ball, location: 5FF
0-1: Ball
1-1: Foul Ball, location: 9LDF
1-2: Strikes out swinging
Batting: SHB Carlos Carballo 0-0: Called Strike
0-1: Foul Ball, location: 3F
0-2: Ball
1-2: Strikes out looking
Top of the 3rd over - 0 runs, 1 hit, 0 errors, 1 left on base; Atlanta 1 - Los Angeles 1
BOTTOM OF THE 3RD
Los Angeles Dodgers batting - Pitching for Atlanta Braves : RHP Jorge Villalona
Batting: RHB Bryan Uplinger 0-0: Called Strike
0-1: SINGLE (Groundball, 4S, EV 70.6 MPH) (infield hit)
Batting: LHB Roy Lazzaro 0-0: Ball
1-0: Sac Bunt to 15S - play at first, batter OUT! 1-3
Bryan Uplinger to second
Batting: RHB John Spohn 0-0: Ball
1-0: Called Strike
Bryan Uplinger steals 3rd base
1-1: Foul Ball, location: 23F
1-2: Ball
2-2: DOUBLE (Line Drive, 7LM, EV 100.6 MPH)
Bryan Uplinger scores
Batting: LHB Greg Thompson 0-0: Called Strike
0-1: Ball
1-1: Foul Ball, location: 2F
1-2: Fly out, F7 (Flyball, 78D, EV 86.3 MPH)
Runner from 2nd tags up, SAFE at 3rd with throw by LF
Batting: RHB Victor Salinas 0-0: Ball
1-0: Foul Ball, location: 2F
1-1: Called Strike
1-2: Ground out 4-3 (Groundball, 4, EV 91.9 MPH)
Bottom of the 3rd over - 1 run, 2 hits, 0 errors, 1 left on base; Atlanta 1 - Los Angeles 2
TOP OF THE 4TH
Atlanta Braves batting - Pitching for Los Angeles Dodgers : RHP Sean McNees
Batting: LHB Omar Carreon 0-0: Ball
1-0: Ball
2-0: Foul Ball, location: 7LDF
2-1: Ball
3-1: Base on Balls
Batting: RHB Luis Saez 0-0: Sac Bunt to 2L - play at first, batter OUT! 2-3
Omar Carreon to second
Batting: LHB Mike Hancock 0-0: Ball
1-0: Called Strike
1-1: Ball
2-1: TRIPLE (Flyball, 7LD, EV 106.3 MPH)
Omar Carreon scores
Batting: RHB Tim Reffner 0-0: Ball
1-0: Foul Ball, location: 2F
1-1: Swinging Strike
1-2: Strikes out swinging
Pinch Hitting: RHB Adam Brading 0-0: 2-RUN HOME RUN (Flyball, 78XD, EV 111.9 MPH), Distance : 435 ft
Batting: LHB Wade Ronsonet 0-0: Ball
1-0: Swinging Strike
1-1: Ball
2-1: Fly out, F8 (Flyball, 8RS, EV 95.0 MPH)
Top of the 4th over - 3 runs, 2 hits, 0 errors, 0 left on base; Atlanta 4 - Los Angeles 2
BOTTOM OF THE 4TH
Los Angeles Dodgers batting - Pitching for Atlanta Braves : RHP Jorge Villalona
Pitching: RHP Randy Clymer
Now in RF: Adam Brading
Batting: RHB Dan Boyd 0-0: Ball
1-0: Ball
2-0: Called Strike
2-1: DOUBLE (Line Drive, 78D, EV 103.8 MPH)
Pinch Hitting: LHB Joel Holden 0-0: Ball
1-0: Called Strike
1-1: Ball
2-1: Foul Ball, location: 2F
2-2: Ball
3-2: SINGLE (Groundball, 5D, EV 106.9 MPH)
Dan Boyd to third
Runner from 3rd tries for Home, SAFE, throw by LF to home
Batting: LHB Jamie Wortman 0-0: Ball
1-0: Foul Ball, location: 5SF
1-1: Swinging Strike
1-2: Strikes out swinging
Batting: RHB Joe Boyer 0-0: Called Strike
0-1: Ball
1-1: Called Strike
1-2: Strikes out swinging
Batting: RHB Bryan Uplinger 0-0: Ball
1-0: Ball
2-0: SINGLE (Line Drive, 4D, EV 98.1 MPH)
Joel Holden to second
Pinch Hitting: RHB Rodolfo Navarro 0-0: Called Strike
0-1: Ball
1-1: Swinging Strike
1-2: Ball
2-2: Fly out, F8 (Flyball, 8LD, EV 103.8 MPH)
Bottom of the 4th over - 1 run, 3 hits, 0 errors, 2 left on base; Atlanta 4 - Los Angeles 3
TOP OF THE 5TH
Atlanta Braves batting - Pitching for Los Angeles Dodgers : RHP Sean McNees
Pitching: RHP Josh Salvino
Now at C: Ron Ascencio
Now at 1B: Roberto Campos
Now at 2B: Pete Chivers
Now at 3B: Jason Avsar
Now in LF: Rodolfo Navarro
Now in CF: Freddie Mitchell
Batting: SHB Joe Richardson 0-0: Called Strike
0-1: Ball
1-1: Ball
2-1: Foul Ball, location: 2F
2-2: Foul Ball, location: 9LMF
2-2: SINGLE (Flyball, 8LS, EV 85.0 MPH)
Batting: RHB Ramon Carrion 0-0: Swinging Strike
0-1: Swinging Strike
0-2: Foul Ball, location: 9LSF
0-2: Ball
1-2: Foul Ball, location: 9LMF
1-2: Hit by Pitch
Joe Richardson to second
Batting: SHB Carlos Carballo 0-0: Called Strike
0-1: Swinging Strike
0-2: Strikes out swinging
Pinch Hitting: RHB Antonio Mejia 0-0: Ball
1-0: Ball
2-0: SINGLE (Groundball, P, EV 73.1 MPH)
Joe Richardson to third
Ramon Carrion to second
Pinch Hitting: RHB Jonathan Allen 0-0: Foul Ball, location: 9LSF
0-1: Ball
1-1: Foul Ball, location: 2F
1-2: Fly out, F8 (Flyball, 89S, EV 86.3 MPH)
Batting: LHB Mike Hancock 0-0: Foul Ball, location: 5F
0-1: Ball
1-1: Ball
2-1: Ball
3-1: Fielders Choice at 2nd, 6-4 (Groundball, 6, EV 83.1 MPH)
Top of the 5th over - 0 runs, 2 hits, 0 errors, 3 left on base; Atlanta 4 - Los Angeles 3
BOTTOM OF THE 5TH
Los Angeles Dodgers batting - Pitching for Atlanta Braves : RHP Randy Clymer
Pitching: RHP Clodio Benido
Now at 1B: Casey Faler
Now at 2B: Rich Molyneaux
Now at 3B: Arthur Dennis
Now in CF: Jorge Figueira
Batting: RHB John Spohn 0-0: Ground out 6-3 (Groundball, 4M, EV 105.0 MPH)
Batting: LHB Greg Thompson 0-0: Swinging Strike
0-1: Called Strike
0-2: Ball
1-2: Ball
2-2: Strikes out swinging
Batting: RHB Ron Ascencio 0-0: Ball
1-0: Ground out 5-3 (Groundball, 56, EV 82.5 MPH)
Bottom of the 5th over - 0 runs, 0 hits, 0 errors, 0 left on base; Atlanta 4 - Los Angeles 3
TOP OF THE 6TH
Atlanta Braves batting - Pitching for Los Angeles Dodgers : RHP Josh Salvino
Batting: RHB Tim Reffner 0-0: Foul Ball, location: 9LSF
0-1: Ball
1-1: Foul Ball, location: 3FF
1-2: Foul Ball, location: 2F
1-2: Strikes out looking
Batting: RHB Adam Brading 0-0: Ball
1-0: Fly out, F8 (Flyball, 78M, EV 98.1 MPH)
Batting: RHB Arthur Dennis 0-0: Called Strike
0-1: Foul Ball, location: 2F
0-2: Foul Ball, location: 3F
0-2: Ball
1-2: Ground out 6-3 (Groundball, 6, EV 84.4 MPH)
Top of the 6th over - 0 runs, 0 hits, 0 errors, 0 left on base; Atlanta 4 - Los Angeles 3
BOTTOM OF THE 6TH
Los Angeles Dodgers batting - Pitching for Atlanta Braves : RHP Clodio Benido
Pitching: RHP Wayne McQuillan
Now in LF: Chris Snook
Batting: SHB Roberto Campos 0-0: Called Strike
0-1: Foul Ball, location: 9LMFF
0-2: Strikes out swinging
Batting: SHB Freddie Mitchell 0-0: Called Strike
0-1: Ball
1-1: Foul Ball, location: 23FF
1-2: Foul Ball, location: 23FF
1-2: Foul Ball, location: 5F
1-2: Foul Ball, location: 3F
1-2: Strikes out swinging
Pinch Hitting: RHB Brad Horwath 0-0: Foul Ball, location: 2F
0-1: Ball
1-1: Called Strike
1-2: Ball
2-2: Ball
3-2: Foul Ball, location: 2F
3-2: Fly out, F7 (Line Drive, 78M, EV 95.6 MPH)
Bottom of the 6th over - 0 runs, 0 hits, 0 errors, 0 left on base; Atlanta 4 - Los Angeles 3
TOP OF THE 7TH
Atlanta Braves batting - Pitching for Los Angeles Dodgers : RHP Josh Salvino
Pitching: RHP Bob McDonald
Now at 3B: Brad Horwath
Now at SS: Jason Avsar
Batting: RHB Chris Snook 0-0: Ball
1-0: Called Strike
1-1: Foul Ball, location: 5DF
1-2: Strikes out swinging, 2-3 out at first.
Batting: RHB Jorge Figueira 0-0: Called Strike
0-1: Foul Ball, location: 2F
0-2: Foul Ball, location: 2F
0-2: Foul Ball, location: 9LDF
0-2: Ball
1-2: Foul Ball, location: 2F
1-2: SINGLE (Line Drive, 5L, EV 97.5 MPH)
Batting: LHB Colin Garton 0-0: Ball
1-0: Ball
2-0: Grounds into double play, 5-4-3 (Groundball, 56, EV 86.3 MPH)
Top of the 7th over - 0 runs, 1 hit, 0 errors, 0 left on base; Atlanta 4 - Los Angeles 3
BOTTOM OF THE 7TH
Los Angeles Dodgers batting - Pitching for Atlanta Braves : RHP Wayne McQuillan
Pitching: RHP Pjotr de Graaf
Batting: RHB Pete Chivers 0-0: Called Strike
0-1: Foul Ball, location: 2F
0-2: Strikes out looking
Batting: SHB Jason Avsar 0-0: Called Strike
0-1: Called Strike
0-2: Ball
1-2: Ball
2-2: Strikes out swinging
Batting: RHB Rodolfo Navarro 0-0: Ball
1-0: Called Strike
1-1: Swinging Strike
1-2: Strikes out swinging
Bottom of the 7th over - 0 runs, 0 hits, 0 errors, 0 left on base; Atlanta 4 - Los Angeles 3
TOP OF THE 8TH
Atlanta Braves batting - Pitching for Los Angeles Dodgers : RHP Bob McDonald
Pitching: RHP Eric Beattie
Batting: LHB Casey Faler 0-0: Called Strike
0-1: SINGLE (Groundball, 4D, EV 101.9 MPH)
Batting: RHB Rich Molyneaux 0-0: DOUBLE (Line Drive, 7LD, EV 105.0 MPH)
Casey Faler to third
Batting: LHB Mike Hancock 0-0: Called Strike
0-1: Called Strike
0-2: Fly out, F8 (Flyball, 78M, EV 93.8 MPH)
Runner from 3rd tags up, SCORES, throw by CF
Batting: RHB Tim Reffner 0-0: Swinging Strike
0-1: Swinging Strike
0-2: Ground out 5-3 (Groundball, 5S, EV 69.4 MPH)
Rich Molyneaux to third
Pinch Hitting: LHB Rob Swope 0-0: Ball
1-0: Ball
2-0: Ground out 6-3 (Groundball, 4MS, EV 94.4 MPH)
Top of the 8th over - 1 run, 2 hits, 0 errors, 1 left on base; Atlanta 5 - Los Angeles 3
BOTTOM OF THE 8TH
Los Angeles Dodgers batting - Pitching for Atlanta Braves : RHP Pjotr de Graaf
Pitching: RHP Fred Noffsinger
Now in RF: Josh Burrowes
Batting: RHB John Spohn 0-0: Called Strike
0-1: Fly out, F8 (Flyball, 8RXD, EV 104.4 MPH)
Batting: SHB Mang He 0-0: Swinging Strike
0-1: Foul Ball, location: 2F
0-2: Foul Ball, location: 5SF
0-2: Strikes out swinging
Batting: RHB Ron Ascencio 0-0: Ball
1-0: SINGLE (Popup, 3D, EV 68.1 MPH)
Batting: SHB Roberto Campos 0-0: Ball
1-0: Foul Ball, location: 7LDF
1-1: Ball
2-1: Foul Ball, location: 2F
2-2: Ball
3-2: Base on Balls
Ron Ascencio to second
Batting: SHB Freddie Mitchell 0-0: Ball
1-0: Ground out 1-3 (Groundball, 15S, EV 66.9 MPH)
Bottom of the 8th over - 0 runs, 1 hit, 0 errors, 2 left on base; Atlanta 5 - Los Angeles 3
TOP OF THE 9TH
Atlanta Braves batting - Pitching for Los Angeles Dodgers : RHP Eric Beattie
Pitching: LHP Erik Nasuti
Batting: RHB Arthur Dennis 0-0: Foul Ball, location: 9LSF
0-1: Swinging Strike
0-2: Ground out 6-3 (Groundball, 6S, EV 79.4 MPH)
Batting: RHB Chris Snook 0-0: Ground out 4-3 (Groundball, 4, EV 86.9 MPH)
Batting: RHB Jorge Figueira 0-0: Swinging Strike
0-1: Ball
1-1: Foul Ball, location: 2F
1-2: SINGLE (Line Drive, 6D, EV 95.0 MPH)
Batting: LHB Colin Garton 0-0: Ball
Jorge Figueira is caught stealing 2nd base 2-6
Top of the 9th over - 0 runs, 1 hit, 0 errors, 0 left on base; Atlanta 5 - Los Angeles 3
BOTTOM OF THE 9TH
Los Angeles Dodgers batting - Pitching for Atlanta Braves : RHP Fred Noffsinger
Pitching: RHP Kenny Ward
Batting: RHB Brad Horwath 0-0: SOLO HOME RUN (Flyball, 7LD, EV 96.9 MPH), Distance : 365 ft
Pinch Hitting: LHB Aaron Himebauch 0-0: Ball
1-0: Ball
2-0: Ground out 1-3 (Groundball, 15S, EV 65.6 MPH)
Pinch Hitting: RHB Martin Prado 0-0: Ball
1-0: Called Strike
1-1: Swinging Strike
1-2: Strikes out looking
Batting: RHB Rodolfo Navarro 0-0: Foul Ball, location: 5F
0-1: Foul Ball, location: 2F
0-2: Ball
1-2: Ground out U3 (Groundball, 3S, EV 69.4 MPH)
Bottom of the 9th over - 1 run, 1 hit, 0 errors, 0 left on base; Atlanta 5 - Los Angeles 4
Thursday, May 2nd , 2024 - OOTP Baseball 24.11 Build 85